 Dungeon Crawl Stone Soup version 0.28.0 (webtiles) character file.

Game seed: 860374842826387142

21 mcwallace the Digger (level 2, 0/15 HPs)
             Began as a Gargoyle Earth Elementalist on Feb 18, 2022.
             Slain by a hobgoblin (2 damage)
             ... led by Robin
             ... on level 1 of the Dungeon.
             The game lasted 00:01:59 (1000 turns).

mcwallace the Digger (Gargoyle Earth Elementalist)  Turns: 1000, Time: 00:01:59

Health: 0/15       AC:  4    Str: 11    XL:     2   Next: 83%
Magic:  3/5        EV: 12    Int: 15    God:
Gold:   39         SH:  0    Dex: 10    Spells: 4/5 levels left

rFire   . . .      SeeInvis .   f - +2 dagger (venom) {short}
rCold   . . .      Faith    .   (no shield)
rNeg    + . .      Spirit   .   b - +0 robe
rPois   ∞          Reflect  .   (no helmet)
rElec   +          Harm     .   (no cloak)
rCorr   .          Rampage  .   (no gloves)
Will    .....                   (no boots)
Stlth   ++........              (no amulet)
HPRegen 0.05/turn               (no ring)
MPRegen 0.09/turn               (no ring)

@: no status effects
A: sickness immunity, AC +2, negative energy resistance 1, electricity
resistance, torment resistance 1, petrification resistance
a: no special abilities


You were on level 1 of the Dungeon.
You visited 1 branch of the dungeon, and saw 2 of its levels.

You collected 39 gold pieces.


Innate Abilities, Weirdness & Mutations

You are immune to sickness and miasma.
Your stone body is resilient. (AC +2)
You are immune to poison.
You resist negative energy. (rN+)
You are resistant to electric shocks. (rElec)
You are resistant to unholy torment.
You are immune to petrification.


   Skills:
 + Level 1.8 Dodging
 + Level 2.5 Stealth
 + Level 2.2 Spellcasting
 + Level 1.1 Transmutations
 + Level 3.9 Earth Magic


You had 4 spell levels left.
You knew the following spells:

 Your Spells              Type           Power      Damage    Failure   Level
a - Sandblast             Erth           26%        2d8       4%          1

Your spell library contained the following spells:

 Spells                   Type           Power      Damage    Failure   Level
 Passwall                 Tmut/Erth      7%         N/A       12%         2
 Stone Arrow              Conj/Erth      14%        3d7       28%         3
 Petrify                  Tmut/Erth      9%         N/A       58%         4

Inventory:

Hand Weapons
 e - a +2 dagger of holy wrath {short}
   (You took it off a goblin on level 1 of the Dungeon)
 f - a +2 dagger of venom (weapon) {short}
   (You took it off a goblin on level 1 of the Dungeon)
Missiles
 c - 18 stones {throwing}
 h - 16 bolts
Armour
 b - a +0 robe (worn)
Scrolls
 a - 2 scrolls of identify {unknown}
 g - 2 scrolls of vulnerability {unknown}
Potions
 d - a potion of curing {unknown}

Dungeon Overview and Level Annotations

Branches:
Dungeon (2/15)

Altars:

Shops:
D:1 [

Annotations:
D:2 Robin

##########.......# #####...
#.......##.......# #.##
#.......##.......# ####+##
#.......##.......# #......
#.......##.......# #......
#.......##.....[.###### #......
#.....................# #......
#.......##....ggB####.####......
#............##@g...............
###..........##)##.#.###########
#.###....####.##...# #....#
###+#.......# #.####.# #....###
#.....#.###.# #.####.####....#..
#.....#.###+###.........+....'..
#.....#..........###.####....#..
#.....#.....)....# #.........#..
#.....#....†.....# #####.....#..


You could see a giant cockroach, 2 hobgoblins and a goblin (strong).


Message History

There is a stone staircase leading down here.
You climb downwards.
The goblin shouts!
The hobgoblin shouts!
The goblin shouts!
You hear a shout! x3
The goblin shouts!
Found 7 gold pieces and a scroll labelled ACETWAS NAXKE.
Found a stone staircase leading down.
There is a stone staircase leading up here.
The blast of sand hits the endoplasm.
The endoplasm quivers.
The goblin shouts!
The hobgoblin shouts!
You hear an angry hiss.
An adder comes into view.
A giant cockroach comes into view.
Robin of the Strong Arm comes into view.
They are wielding a +0 whip.
A goblin comes into view. It is wielding a +0 dagger.
The endoplasm freezes you.
You are frozen.
A goblin comes into view.
It is wielding a +0 dagger. 😕 HP[-1] MP[-1]
You take 1 damage, and now have 14/15 hp.
You lost 1 mp, and now have 4/5 mp.
The blast of sand hits the endoplasm!
You kill the endoplasm!
A goblin comes into view. It is wielding a +0 dagger.
Robin roars a battlecry!
The goblins go into a battle-frenzy! 😕 MP[-1]
You lost 1 mp, and now have 3/5 mp.
The blast of sand hits the goblin!
You kill the goblin! 😕 MP[-1]
You lost 1 mp, and now have 2/5 mp.
You can't go down here!
The goblin hits you but does no damage.
You climb upwards.
There is a stone staircase leading down here.
You closely miss the goblin.
The goblin hits you with a +0 dagger. 😕 HP[-1]
You take 1 damage, and now have 13/15 hp.
You hit the goblin.
The goblin hits you with a +0 dagger. 😮 HP[-2]
You take 2 damage, and now have 11/15 hp.
You hit the goblin.
You kill the goblin!
You see here a +0 dagger {short}.
There is a stone staircase leading down here.
You start resting. 😕 HP[+1] MP[+3]
Your mp is fully restored (5).
You start resting. 😎 HP[+3]
Your hp is fully restored (15).
You climb downwards.
Level annotation: Robin The giant cockroach closely misses you.
The goblin hits you with a +0 dagger.
The hobgoblin hits you but does no damage.
The giant cockroach bites you but does no damage.
The hobgoblin misses you. The goblin hits you with a +0 club.
A hobgoblin comes into view.
The goblin hits you with a +0 dagger.
* * * LOW HITPOINT WARNING * * *
The hobgoblin hits you.
* * * LOW HITPOINT WARNING * * *
There is a stone staircase leading up here. 😱 HP[-12]
You take 12 damage, and now have 3/15 hp.
MASSIVE DAMAGE!! (PAUSE) Unknown command.
The giant cockroach barely misses you.
Robin roars a battlecry!
The goblins go into a battle-frenzy!
The hobgoblin closely misses you. The goblin hits you with a +0 club.
* * * LOW HITPOINT WARNING * * *
The goblin misses you. The hobgoblin closely misses you.
The goblin shouts!
You hear a shout!
You hear an angry hiss.
You climb upwards.
There is a stone staircase leading down here. 😱 HP[-1]
You take 1 damage, and now have 2/15 hp.
You are too injured to fight recklessly!
Casting: Sandblast (safe; 4% risk of failure)
Confirm with . or Enter, or press ? or * to list all spells.
Aiming: Sandblast (safe; 4% risk of failure)
Press: ? - help, Shift-Dir - straight line, f - goblin
Aim: a goblin, wielding a +0 dagger (strong, 74% to hit)
The blast of sand misses the goblin.
The giant cockroach misses you. The hobgoblin barely misses you.
The goblin barely misses you. The goblin closely misses you.
The hobgoblin barely misses you.
The giant cockroach barely misses you. 😱 MP[-1]
You lost 1 mp, and now have 4/5 mp.
Casting: Sandblast (safe; 4% risk of failure)
Confirm with . or Enter, or press ? or * to list all spells.
Aiming: Sandblast (safe; 4% risk of failure)
Press: ? - help, Shift-Dir - straight line, f/p - goblin
Aim: a goblin, wielding a +0 dagger (strong, 74% to hit)
The blast of sand hits the goblin!
You kill the goblin!
The hobgoblin hits you but does no damage.
The goblin misses you. The giant cockroach barely misses you.
The hobgoblin hits you.
You die...

Skill      XL: |  1 |
---------------+----+-----
Transmutations | 1 |  1.1
Dodging        | |  1.8
Stealth        | |  2.5
Spellcasting   | |  2.2
Earth Magic    | |  3.9

Action                   || total
-------------------------++-------
Melee: Dagger            ||     4
 Cast: Sandblast         ||    24
Armor: Robe              ||     4
Dodge: Dodged            ||    16

Levels and vault maps discovered:
D:1:      lordsloth_arrival_two_stooges, layout_basic,
          nicolae_ecumenical_lake_church, serial_shops, nicolae_shop_statue_plus
D:2:      layout_rooms, serial_shops, nicolae_shop_trees, uniq_robin,
          uniq_natasha, uniq_crazy_yiuf_cottage

Notes
Turn   | Place    | Note
-------+----------+-------------------------------------------
     0 | D:1      | mcwallace the Gargoyle Earth Elementalist began the quest
                  | for the Orb.
     0 | D:1      | Reached XP level 1. HP: 10/10 MP: 3/3
     0 | D:1      | magus.rc [v1.9.6]
   162 | D:1      | Reached skill level 1 in Transmutations
   162 | D:1      | Reached XP level 2. HP: 10/15 MP: 1/5
   282 | D:1      | Found Oxejarel's Armour Shop.
   503 | D:1      | Found a faded altar of an unknown god.
   914 | D:2      | Noticed Robin
   996 | D:2      | HP: 3/15 [hobgoblin[Robin] (4)]
  1000 | D:1      | Slain by a hobgoblin

Vanquished Creatures
  3 endoplasms
  2 giant cockroaches (D:1)
  6 goblins
  A hobgoblin (D:1)
  A quokka (D:1)
  2 ball pythons (D:1)
  2 bats (D:1)
  A frilled lizard (D:1)
  3 rats (D:1)
21 creatures vanquished.

Table legend:
 A = Non-vault XP
 B = Vault XP
 C = Vault XP percentage of total XP
 D = Non-vault monster count
 E = Vault monster count
 F = Vault count percentage of total count
                 A         B        C        D         E       F
            +---------+---------+-------+---------+---------+-------
      Total |      28 |       4 |  12.5 |      18 |       3 |  14.3
            +---------+---------+-------+---------+---------+-------
        D:1 |      26 |       3 |  10.3 |      17 |       2 |  10.5
        D:2 |       2 |       1 |  33.3 |       1 |       1 |  50.0
            +---------+---------+-------+---------+---------+-------

Illustrated notes

Table legend:
 A = Kills in this place as a percentage of kills in entire the game.
 B = Kills by you in this place as a percentage of kills by you in the entire game.
 C = Kills by friends in this place as a percentage of kills by friends in the entire game.
 D = Other kills in this place as a percentage of other kills in the entire game.
 E = Experience gained in this place as a percentage of experience gained in the entire game.
 F = Experience gained in this place divided by the number of levels of this place that you have seen.
                   A       B       C       D       E      F
               +-------+-------+-------+-------+-------+----------------------
         Total | 100.0 | 100.0 |   N/A |   N/A | 100.0 |  16.0
       Dungeon | 100.0 | 100.0 |   N/A |   N/A | 100.0 |  16.0
               +-------+-------+-------+-------+-------+----------------------

Table legend: (Time is in decaauts)
 A = Elapsed time spent in this place.
 B = Non-inter-level travel time spent in this place.
 C = Inter-level travel time spent in this place.
 D = Time resting spent in this place.
 E = Time spent auto-exploring this place.
 F = Levels seen in this place.
 G = Mean time per level.
                   A        B        C        D        E       F      G
               +--------+--------+--------+--------+--------+-----+--------+
         Total |   1003 |    955 |     48 |     71 |    794 |   2 |  501.5 |
       Dungeon |   1003 |    955 |     48 |     71 |    794 |   2 |  501.5 |
               +--------+--------+--------+--------+--------+-----+--------+

Top non-repeatable levels by time:
     D:1: 995 daAuts
     D:2: 7 daAuts
